[Event "15th Paleochora Open 2022"]
[Site "Paleochora"]
[Date "2022.07.19"]
[Round "4.16"]
[White "Kelires, Andreas"]
[Black "Markidis, Konstantinos"]
[Result "1/2-1/2"]
[ECO "E16"]
[WhiteElo "2528"]
[BlackElo "2259"]
[Annotator "TA"]
[PlyCount "93"]
[EventDate "2022.07.17"]
[EventType "swiss"]
[EventCountry "GRE"]
[SourceTitle "playchess.com"]
[Source "ChessBase"]
[SourceQuality "1"]
[TimeControl "40/5400+30:900+30"]

1. d4 Nf6 2. c4 e6 3. g3 d5 4. Bg2 Bb4+ 5. Nd2 O-O 6. Ngf3 b6 7. O-O Bb7 8. Ne5 Qc8 {[%emt 0:01:35] The position is equal. 8...a5 is the modern continuation.} 9. Qc2 {[%emt 0:00:27] E16: Queen's Indian: 4 g3 Bb7 5 Bg2 Bb4+.} Be7 10. b3 $1 dxc4 {[%emt 0:01:51] [#]} 11. Bxb7 $146 ({Predecessor:} 11. Ndxc4 Bxg2 12. Kxg2 c5 13. dxc5 b5 14. Nd2 Na6 15. Ne4 Nd5 16. Qd3 Nxc5 17. Nxc5 Bxc5 {½-½ (26) Enescu,C (2418)-Jean,P (2374) ICCF email 2020}) 11... Qxb7 12. Ndxc4 c5 13. dxc5 Bxc5 14. Bb2 Rd8 15. Rad1 Nc6 16. Rxd8+ Rxd8 17. Rd1 Be7 18. Rxd8+ Nxd8 19. Qd3 Qd5 20. Qxd5 Nxd5 21. e4 Nc7 22. Kf1 f6 23. Nd3 Nc6 24. Ke2 b5 25. Ne3 Na6 26. Nc2 Nc5 27. f3 Kf7 28. Ndb4 Nxb4 29. Nxb4 Nxb3 $11 {[%emt 0:03:17][%mdl 4096] Endgame KBN-KBN} 30. Nc6 Nc5 31. Nxa7 b4 {[%emt 0:04:10][%cal Bb5b4,Bb4b3][%mdl 32] Prevents Ba3.} 32. Nc6 b3 $1 33. Nxe7 Kxe7 {[%emt 0:00:19] KB-KN} 34. Ba3 Ke8 35. axb3 ({But not} 35. Bxc5 $2 b2 36. a4 b1=Q $19) 35... Nxb3 36. Kd3 Na5 37. f4 Nc6 38. Kc4 Nd8 39. Kb5 f5 40. exf5 exf5 41. Kc5 Kf7 42. Kd5 Ne6 43. Bb4 h5 44. Bd6 g6 45. Ke5 Nd8 46. Kd5 Ne6 47. Ke5 {[%emt 0:00:03] A balanced but interesting game.  Weighted Error Value: White=0.03 (flawless) /Black=0.03 (flawless)} 1/2-1/2

[Event "15th Paleochora Open 2022"]
[Site "Paleochora"]
[Date "2022.07.19"]
[Round "4.17"]
[White "Zwardon, Vojtech"]
[Black "Sohier, Julien"]
[Result "1-0"]
[ECO "A20"]
[WhiteElo "2503"]
[BlackElo "2192"]
[Annotator "TA"]
[PlyCount "47"]
[EventDate "2022.07.17"]
[EventType "swiss"]
[EventCountry "GRE"]
[SourceTitle "playchess.com"]
[Source "ChessBase"]
[SourceQuality "1"]
[TimeControl "40/5400+30:900+30"]

1. c4 e5 2. g3 c6 3. Nf3 e4 4. Nd4 d5 5. cxd5 Qxd5 6. e3 Nf6 {[%emt 0:01:23] A20: English Opening: 1...e5.} (6... Bc5 $142) 7. Nc3 $11 Qe5 8. f4 Qe7 {[%emt 0:00:30] The position is equal.} (8... exf3 $5 9. Nxf3 Qh5 $11) 9. b4 {[%emt 0:00:29] [#]} Qxb4 $146 ({Predecessor:} 9... a5 10. b5 Bg4 11. Qc2 c5 12. Ba3 Qd8 13. Nde2 Bf3 14. Rg1 Nbd7 15. Bg2 Qb6 16. Nxe4 Bxg2 17. Rxg2 Qxb5 {1-0 (25) Oatlhotse,P (2244)-Bommini,M (2063) New Delhi 2019}) 10. Qc2 Qe7 11. Bg2 c5 (11... g6 $11) 12. Nxe4 $16 Na6 13. Nb5 {[%emt 0:07:15] White is much more active. The black rooks are badly placed.} (13. Ba3 $16) 13... Nxe4 $11 14. Bxe4 Bd7 {[%emt 0:09:28] [#]} (14... Nb4 $11 15. Qb1 Bh3) 15. Rb1 $1 $16 ({And not} 15. Bxb7 Nb4 16. Nd6+ Qxd6 $17) 15... Bc6 16. Bxc6+ bxc6 {[%emt 0:00:02] [#]} 17. Nd4 Rc8 18. Ba3 Nb4 19. Bxb4 cxb4 20. O-O Qd7 {[%emt 0:06:56] [#]} (20... Qb7 $142 21. Rfc1 c5) 21. Rfc1 $1 $18 c5 22. Rxb4 $1 {[%emt 0:00:26] Threatens to win with Qe4+.} Rd8 $2 (22... Be7 23. Qa4 a5) 23. Qe4+ Qe7 24. Nc6 {[%emt 0:01:02] Weighted Error Value: White=0.11 (very precise) /Black=0.37} 1-0

[Event "15th Paleochora Open 2022"]
[Site "Paleochora"]
[Date "2022.07.19"]
[Round "4.18"]
[White "Aubry, Yannis"]
[Black "Leniart, Arkadiusz"]
[Result "1/2-1/2"]
[ECO "E21"]
[WhiteElo "2226"]
[BlackElo "2473"]
[Annotator "TA"]
[PlyCount "86"]
[EventDate "2022.07.17"]
[EventType "swiss"]
[EventCountry "GRE"]
[SourceTitle "playchess.com"]
[Source "ChessBase"]
[SourceQuality "1"]
[TimeControl "40/5400+30:900+30"]

1. d4 Nf6 2. c4 e6 3. Nc3 Bb4 4. Nf3 O-O 5. Bg5 h6 6. Bh4 c5 7. Rc1 {[%emt 0:05:28] E21: Nimzo-Indian: 4 Nf3.} g5 8. Bg3 Ne4 {[%emt 0:00:11] [#] Against Bd6} 9. Qd3 $146 ({White should play} 9. e3 $14) ({Predecessor:} 9. e3 cxd4 10. Nxd4 Nc6 11. Bd3 Bxc3+ 12. bxc3 Nxg3 13. hxg3 Kg7 14. Qh5 Rh8 15. f4 d5 16. O-O dxc4 17. Nxc6 bxc6 18. fxg5 Qe7 19. Rf6 Bd7 20. Rcf1 {1-0 (20) Bacrot,E (2725)-Inkiov,V (2465) Haguenau 2013}) 9... f5 $11 10. a3 Bxc3+ 11. bxc3 d5 (11... cxd4 $17 12. Nd2 Nxd2 13. Kxd2 dxc3+ 14. Rxc3 b6) 12. Bxb8 ({Better is} 12. Ne5 $11) 12... Rxb8 $15 13. Ne5 cxd4 14. f3 (14. Qxd4 $15 Qa5 15. f3 Qxa3 16. Nd3) 14... Nc5 $17 ({Don't play} 14... Nxc3 $6 15. Qxd4 Na4 16. h4 $11) 15. Qxd4 (15. Qc2 $17) 15... Nb3 $19 16. Qxa7 Qc7 17. Rb1 Qxe5 18. Rxb3 dxc4 19. Rb4 Qxc3+ 20. Kf2 Bd7 {[%emt 0:02:13] Threatens to win with ...Ra8.} 21. e3 {[%emt 0:00:08] [#]} Bc6 (21... Ra8 $1 $19 22. Qd4 Qxd4 23. exd4 b5) 22. Bxc4 $17 Qc2+ (22... Rfd8 $17 {And now ...Ra8 would win.} 23. Re1 (23. Bxe6+ $2 Kh8 $19) 23... Rd2+ 24. Be2 Rbd8) 23. Be2 $11 Ra8 24. Qd4 Rxa3 25. Rb2 (25. Rc4 $1 $11 {keeps the balance.} Qb3 26. Ra1) 25... Qa4 (25... Qc3 $17 26. Bc4 Kf7) 26. Qxa4 Rxa4 27. Bb5 $1 Bxb5 28. Rxb5 {[%emt 0:00:37][%mdl 4096] Endgame KRR-KRR} Ra2+ 29. Kg3 Rf7 30. Rhb1 Re2 31. R1b3 Rxe3 32. Rxe3 {[%emt 0:01:05] The position is equal.} f4+ 33. Kf2 fxe3+ 34. Kxe3 {[%emt 0:00:06] KR-KR} Kg7 35. g4 Rc7 36. Kf2 Kf6 37. Kg3 Rd7 38. h4 gxh4+ 39. Kxh4 Rd3 40. Kg3 Rd7 41. f4 Rd3+ 42. Kf2 Rd7 43. Kg3 Rd3+ {[%emt 0:02:48] And White is the lucky defender.  Weighted Error Value: White=0.23 (precise) /Black=0.20 (precise)} 1/2-1/2

[Event "15th Paleochora Open 2022"]
[Site "Paleochora"]
[Date "2022.07.20"]
[Round "5.1"]
[White "Stremavicius, Titas"]
[Black "Yilmaz, Mustafa"]
[Result "1/2-1/2"]
[ECO "A28"]
[WhiteElo "2532"]
[BlackElo "2634"]
[Annotator "TA"]
[PlyCount "57"]
[EventDate "2022.07.17"]
[EventType "swiss"]
[EventCountry "GRE"]
[SourceTitle "playchess.com"]
[Source "ChessBase"]
[SourceQuality "1"]
[TimeControl "40/5400+30:900+30"]

1. c4 e5 2. Nc3 Nf6 3. Nf3 Nc6 4. e4 Bb4 5. d3 d6 6. a3 {A28: English Opening: Four Knights Variation.} Bc5 7. b4 Bb6 8. Na4 Bd4 $1 {The main line 8...Bd4 scores better than 8...Bg4.} 9. Rb1 Bg4 10. Be2 Bxf3 11. Bxf3 Qe7 12. Bd2 a5 {[#]} 13. b5 $146 ({Predecessor:} 13. Nc3 axb4 14. axb4 O-O 15. O-O Ra3 16. Nb5 Ra2 17. Nc3 Bxc3 18. Bxc3 Rfa8 19. Re1 {0-1 (43) Rozum,I (2573)-Giri,A (2769) Moscow 2019}) 13... Nd8 14. Nc3 Ne6 15. Ne2 Bc5 16. a4 h5 17. Ng3 g6 18. h4 Nd4 19. Ne2 Nd7 {[%cal Bf6d7,Bd7f8,Bf8e6,Be6d4][%mdl 32] Pair of Knights!} 20. Kf1 Nf8 21. Nxd4 Bxd4 22. g3 Ne6 23. Kg2 (23. Bg2 $15) 23... Bb6 (23... b6 $17) 24. Rb2 Kd7 25. Ra2 Nd4 26. Kh2 Ne6 27. Kg2 Nd4 28. Kh2 Ne6 29. Kg2 {Weighted Error Value: White=0.07 (flawless) /Black=0.11 (very precise)} 1/2-1/2

[Event "15th Paleochora Open 2022"]
[Site "Paleochora"]
[Date "2022.07.20"]
[Round "5.2"]
[White "Bernadskiy, Vitaliy"]
[Black "Hamitevici, Vladimir"]
[Result "0-1"]
[ECO "C78"]
[WhiteElo "2610"]
[BlackElo "2473"]
[Annotator "TA"]
[PlyCount "98"]
[EventDate "2022.07.17"]
[EventType "swiss"]
[EventCountry "GRE"]
[SourceTitle "playchess.com"]
[Source "ChessBase"]
[SourceQuality "1"]
[TimeControl "40/5400+30:900+30"]

1. e4 e5 2. Nf3 Nc6 3. Bb5 a6 4. Ba4 Nf6 5. O-O b5 6. Bb3 Bc5 7. c3 d6 8. d4 Bb6 9. Be3 O-O 10. Nbd2 Re8 11. h3 h6 12. Re1 Bb7 13. d5 {And now Bxb6 would win.} Nb8 {C78: Ruy Lopez: Archangelsk and Möller Defences.} 14. Bxb6 cxb6 15. Bc2 Nbd7 {White is slightly better.} 16. Nf1 {[#]} g6 $146 ({Predecessor:} 16... Rc8 17. Ne3 g6 18. Ng4 Nxg4 19. hxg4 Nf6 20. g5 hxg5 21. Nxg5 Kg7 22. Qd2 Rh8 {½-½ (35) Vuckovic,B (2160)-Nurkiewicz,M (2355) Tallinn 1997}) 17. Ng3 Nh7 18. Nd2 Rc8 19. Re3 Rc7 20. a3 Bc8 21. b4 h5 22. Ne2 Ndf8 23. a4 bxa4 24. Bxa4 b5 25. Bc2 f5 26. exf5 gxf5 27. c4 bxc4 28. Rc3 {aiming for Ng3.} Rg7 ({Better is} 28... f4 $11) 29. Ng3 $1 $16 e4 $2 (29... Nf6 $16) 30. Nxh5 $18 Rg5 31. Raa3 (31. Nxc4 $6 Ng6 32. Rc1 Bb7 $18) 31... Ng6 32. Rxc4 ({Don't do} 32. Nxc4 f4 $16) (32. Rg3 $1 $18) 32... Kh8 (32... Bd7 $16) 33. Rcc3 Rg8 34. Rg3 Ne5 {Prevents Nc4.} 35. Rxg5 Qxg5 36. Rg3 Qh6 37. Nf1 (37. Rxg8+ $16 Kxg8 38. Bb3) 37... Rf8 $11 38. Rc3 Rg8 (38... Bd7 $11) 39. Rg3 (39. Nfg3 $16) 39... Rf8 40. Rg7 $2 {[#]} (40. Rc3 $11) 40... Nf6 $1 $19 41. Nfg3 f4 42. Nxf6 {Strongly threatening Rh7+.} Kxg7 43. Ngh5+ Kh8 44. Nxe4 Bd7 45. g3 $2 (45. Nhf6 Rxf6 46. Nxf6 Qxf6 47. Qh5+ Kg8 48. Qh7+ Kf8 49. Kh2) 45... fxg3 46. f4 {[#]} Bxh3 $1 {...Bg4 is the strong threat.} 47. Nxd6 (47. Nexg3 Bg4) 47... Qxd6 48. Nxg3 Bg4 (48... Qb6+ $142 49. Kh1 {[#]} Bg4 $1 50. Qd2 Nf3 51. Qc3+ Kg8 52. Bh7+ Kxh7 53. Qd3+ Kg8 54. Qg6+ Qxg6 55. Kg2 Qc2+ 56. Ne2 Qxe2+ 57. Kg3 Qh2+ 58. Kxg4 Rxf4#) 49. Qc1 {[#]} Rxf4 $3 {[%mdl 512] Weighted Error Value: White=0.89/Black=0.46} 0-1

[Event "15th Paleochora Open 2022"]
[Site "Paleochora"]
[Date "2022.07.20"]
[Round "5.3"]
[White "Yilmazyerli, Mert"]
[Black "Meshkovs, Nikita"]
[Result "1/2-1/2"]
[ECO "E05"]
[WhiteElo "2520"]
[BlackElo "2535"]
[Annotator "TA"]
[PlyCount "43"]
[EventDate "2022.07.17"]
[EventType "swiss"]
[EventCountry "GRE"]
[SourceTitle "playchess.com"]
[Source "ChessBase"]
[SourceQuality "1"]
[TimeControl "40/5400+30:900+30"]

1. Nf3 d5 2. g3 Nf6 3. Bg2 e6 4. O-O Be7 5. c4 O-O 6. d4 dxc4 7. Qc2 a6 8. a4 Bd7 9. Qxc4 Bc6 10. Bf4 Bd6 11. Bg5 Nbd7 12. Nc3 {[%cal Oe2e4] The position is equal.} h6 {E05: Open Catalan: 5 Nf3 Be7.} 13. Bxf6 Nxf6 14. Nd2 Bxg2 15. Kxg2 {[#] An uneventful encounter.} {Predecessor:} a5 $146 16. Rfd1 c6 17. Nde4 Nxe4 18. Nxe4 Bb4 19. Nc5 Qd5+ 20. Qxd5 exd5 21. Rac1 Bxc5 22. Rxc5 {0-1 (96) Banusz,T (2613)-Harikrishna,P (2752) Monzon 2016} 1/2-1/2

[Event "15th Paleochora Open 2022"]
[Site "Paleochora"]
[Date "2022.07.20"]
[Round "5.4"]
[White "Kourkoulos-Arditis, Stamatis"]
[Black "Nevednichy, Vladislav"]
[Result "1-0"]
[ECO "E15"]
[WhiteElo "2535"]
[BlackElo "2473"]
[Annotator "TA"]
[PlyCount "149"]
[EventDate "2022.07.17"]
[EventType "swiss"]
[EventCountry "GRE"]
[SourceTitle "playchess.com"]
[Source "ChessBase"]
[SourceQuality "1"]
[TimeControl "40/5400+30:900+30"]

1. d4 d5 2. c4 e6 3. Nf3 Nf6 4. g3 Bb4+ 5. Bd2 Be7 6. Bg2 O-O 7. O-O Nbd7 8. b3 c6 9. Nc3 b6 10. Bf4 Ba6 11. Qd3 Rc8 12. Rac1 {E15: Queen's Indian: 4 g3 sidelines, 4 g3 Ba6 and 4 g3 Bb7 early deviations.} Nh5 13. Bd2 Nhf6 14. Rfd1 {The position is equal.} c5 {[#]} 15. Nb5 $146 ({Predecessor:} 15. Qb1 dxc4 16. dxc5 bxc5 17. Bf4 Qa5 18. e4 Rfd8 19. e5 Ne8 20. Ne4 cxb3 21. axb3 {0-1 (57) Bonay Toscas,S (2140)-Perez Lopez,A (2265) ICCF email 2016}) 15... Bxb5 16. cxb5 Ne4 17. Be1 f5 18. Ne5 Nxe5 19. dxe5 Qc7 20. f3 Ng5 21. h4 Nf7 22. f4 Rfd8 23. e3 h5 24. Qe2 g6 25. Bf3 Nh6 26. a4 Ng4 27. Bc3 Kf7 28. Bb2 Rd7 29. Rd2 Rdd8 30. Bg2 Rd7 31. Bf1 Qd8 32. Rcd1 Rcc7 33. Qf3 Qc8 34. Kh1 Qd8 35. Be2 Qc8 36. Bf1 Qd8 37. Be2 Kf8 38. Bf1 Ke8 39. Rc1 Kf7 40. Rdc2 Qc8 41. Bc3 d4 42. Bd2 ({But not} 42. exd4 $2 cxd4 43. Bc4 dxc3 $19) 42... Qd8 43. Bc4 dxe3 (43... Bxh4 $5 44. gxh4 Qxh4+ 45. Kg1 Qh2+ 46. Kf1 d3 $11) 44. Bxe3 Nxe3 45. Qxe3 Rd4 46. Qf3 Re4 47. Re2 Rxe2 48. Qxe2 Qa8+ 49. Kh2 Rd7 50. Rd1 Rd4 51. Rd3 Qe4 $2 {[#] This costs Black the game.} (51... Qb7 $14) 52. Qxe4 $1 $18 fxe4 {[%mdl 4096] Endgame KRB-KRB} 53. Re3 Bf8 54. Re2 Be7 55. Kg2 Bd8 56. Kf2 Ke7 57. Ke3 Kf7 58. Re1 Be7 {[#]} (58... Bc7 $16 {was called for.} 59. Re2 Bd8) 59. Rf1 $1 Kg7 60. Bxe6 Rd3+ 61. Kxe4 Rxg3 $2 (61... Rd4+ 62. Ke3 Bd8) 62. Rd1 Bxh4 63. Rd7+ Kf8 64. Rxa7 Bd8 65. Rh7 h4 66. Bc4 h3 67. Be6 Ke8 68. Rxh3 Rxh3 69. Bxh3 {Hoping for Kd5. KB-KB} Bh4 70. Kd5 {Threatening mate with Kc6.} Bg3 71. Kc6 {White mates.} Bxf4 72. Kxb6 Bxe5 73. Kxc5 Kd8 74. Kc6 Bc3 75. b6 {Weighted Error Value: White=0.03 (flawless) /Black=0.14 (very precise)} 1-0

[Event "15th Paleochora Open 2022"]
[Site "Paleochora"]
[Date "2022.07.20"]
[Round "5.5"]
[White "Ali Marandi, Cemil Can"]
[Black "Spyropoulos, Nikolaos"]
[Result "1-0"]
[ECO "D02"]
[WhiteElo "2561"]
[BlackElo "2446"]
[Annotator "TA"]
[PlyCount "73"]
[EventDate "2022.07.17"]
[EventType "swiss"]
[EventCountry "GRE"]
[SourceTitle "playchess.com"]
[Source "ChessBase"]
[SourceQuality "1"]
[TimeControl "40/5400+30:900+30"]

1. d4 Nf6 2. Nf3 e6 3. Bf4 c5 4. e3 d5 5. c3 Nc6 6. Nbd2 Bd6 {6...Nh5 is setting a new trend.} 7. Bg3 Qe7 8. Ne5 Nd7 {[%cal Rd7e5] D02: 1 d4 d5 2 Nf3 sidelines, including 2...Nf6 3 g3 and 2...Nf6 3 Bf4.} 9. Bb5 Ndxe5 10. dxe5 Bc7 {[#] The position is equal.} 11. Qg4 $146 ({Predecessor:} 11. O-O Bd7 12. Nf3 g5 13. c4 dxc4 14. Qe2 h5 15. h4 g4 16. Nd2 Nxe5 17. Bxd7+ Qxd7 18. Bxe5 Bxe5 19. Nxc4 {0-1 (44) Besedes,D (2276)-Yang,K (2481) Chess.com INT 2020}) 11... Qf8 12. Bxc6+ bxc6 13. O-O Ba6 14. Rfe1 h5 15. Qa4 Bb5 16. Qc2 h4 17. Bf4 Ba5 18. a4 Ba6 19. b4 Bc7 20. e4 Qe7 21. Be3 $36 {[%mdl 2048] White has strong initiative.} Bxe5 22. Nf3 Bd6 23. e5 {[%mdl 64] Deflection} Bc7 24. Bxc5 Qd7 25. Qd2 {White is more active.} Rh5 ({Black should play} 25... h3) 26. h3 $1 $16 Bc4 (26... Bd8 $16 27. Qd1 Rh6) 27. Qd4 $18 Bd8 {[#]} (27... a5 $142 28. Nxh4 f5) 28. Nd2 $1 Ba6 29. Rad1 Qc8 30. c4 ({But not} 30. Bxa7 $6 Kf8 31. Bc5+ Kg8 $18) 30... Bxc4 $2 (30... Bb7 {is a better defense.} 31. cxd5 (31. Bxa7 Kf8 $18) 31... cxd5 32. Bxa7 Kf8) 31. Nxc4 dxc4 32. Qxc4 Qb7 33. Qg4 g6 34. Rd6 {[%cal Od6e6] Hoping for Rxe6+!} Rf5 35. Red1 Rxe5 {[#]} 36. Qf4 (36. Rxd8+ $142 $1 Rxd8 37. Rxd8+ Kxd8 38. Qxh4+ Rg5 39. Qxg5+ Kc8 40. Qh6) 36... Rh5 $2 {[#]} (36... Rxc5 $18 37. bxc5 Be7) 37. Rxe6+ $3 {[%mdl 512] Weighted Error Value: White=0.14 (very precise) /Black=0.49} 1-0

[Event "15th Paleochora Open 2022"]
[Site "Paleochora"]
[Date "2022.07.20"]
[Round "5.6"]
[White "Basso, Pier Luigi"]
[Black "Naoum, Spyridon"]
[Result "0-1"]
[ECO "E62"]
[WhiteElo "2561"]
[BlackElo "2346"]
[Annotator "TA"]
[PlyCount "98"]
[EventDate "2022.07.17"]
[EventType "swiss"]
[EventCountry "GRE"]
[SourceTitle "playchess.com"]
[Source "ChessBase"]
[SourceQuality "1"]
[TimeControl "40/5400+30:900+30"]

1. d4 Nf6 2. c4 g6 3. g3 Bg7 4. Bg2 O-O 5. Nc3 d6 6. Nf3 Nc6 7. d5 Na5 8. Nd2 c6 9. O-O cxd5 10. cxd5 Bd7 11. b4 {E62: King's Indian: Fianchetto: 6...c6 and Panno Variation (6...Nc6) without ...a6.} Qc7 12. bxa5 {[#] Bb2 is the strong threat.} Qxc3 13. Nb3 {Black is slightly better.} Rfc8 14. Be3 {[#]} Ng4 $146 ({Predecessor:} 14... Bb5 15. Re1 Nd7 16. Bh3 Rc4 17. Rc1 Qb4 {0-1 (17) Shneider,A (2540)-Gulko,B (2565) Philadelphia 1991}) 15. Bd4 Bxd4 {Black is much more active. The white rooks are badly placed.} 16. Qxd4 Qxd4 17. Nxd4 Rc4 18. e3 Rac8 19. Rfb1 R8c7 20. h3 Nf6 21. g4 Ne8 (21... h6 $17) 22. Rb2 a6 23. Rab1 Bc8 24. Kf1 h6 25. Ke2 (25. Rd1 $142) 25... Nf6 26. Kd2 Kf8 27. f4 Ra4 28. Nb3 g5 29. Rf1 Ke8 30. Rf2 Rcc4 31. Kd3 Kd8 ({Weaker is} 31... gxf4 32. Rxf4 Nd7 33. Rxc4 $17) 32. Nd2 Rc5 33. Nb3 Rcc4 34. Nd2 $1 Rc5 35. Nb3 $1 Rb5 36. fxg5 hxg5 37. e4 Nd7 38. Rbc2 (38. Kc3 $142 Ne5 39. Bf1) 38... Ne5+ 39. Ke3 Rbb4 40. Rf1 Bd7 41. Rfc1 Rc4 42. Nd2 Rxc2 43. Rxc2 Rxa5 44. Bf1 Ra3+ 45. Kd4 f6 46. Nb3 Ba4 47. Rb2 Bxb3 48. axb3 Ra1 49. Rf2 Rc1 {Weighted Error Value: White=0.19 (very precise) /Black=0.16 (very precise)} 0-1

[Event "15th Paleochora Open 2022"]
[Site "Paleochora"]
[Date "2022.07.20"]
[Round "5.7"]
[White "Mitsis, Georgios"]
[Black "David, Alberto"]
[Result "1/2-1/2"]
[ECO "E04"]
[WhiteElo "2334"]
[BlackElo "2534"]
[Annotator "TA"]
[PlyCount "76"]
[EventDate "2022.07.17"]
[EventType "swiss"]
[EventCountry "GRE"]
[SourceTitle "playchess.com"]
[Source "ChessBase"]
[SourceQuality "1"]
[TimeControl "40/5400+30:900+30"]

1. d4 e6 2. c4 Nf6 3. Nf3 d5 4. g3 dxc4 5. Bg2 c6 6. a4 {E04: Open Catalan: 5 Nf3.} (6. Ne5 {is more complex.} Bb4+ 7. Nc3 Nd5 8. Bd2) 6... c5 7. O-O Nc6 8. dxc5 Bxc5 $1 {[%mdl 4] now scores much better than the old 8...Qxd1.} 9. Qxd8+ Kxd8 10. Nbd2 Nd5 11. Nxc4 f6 {[#] Prevents Nce5.} 12. a5 $146 ({Predecessor:} 12. Bd2 Ke7 13. Rfc1 b6 14. a5 Bd7 15. e3 Rhc8 16. Ne1 Nxa5 17. Nxa5 bxa5 18. e4 {½-½ (76) Can,E (2577)-Abdusattorov,N (2648) Sharjah 2021}) 12... Bd7 13. Bd2 Rc8 14. e4 Ndb4 15. e5 Ke7 16. Rad1 Nd5 17. b3 Rhd8 18. g4 Be8 19. exf6+ Nxf6 20. Nfe5 (20. Rde1 $5 ) 20... Nxe5 {The position is equal.} 21. Nxe5 Bb5 22. Rfe1 Rd4 (22... Rxd2 $5 23. Rxd2 Bb4 $11) 23. Bf3 {[#]} Rxd2 $1 24. Rxd2 {Strongly threatening Rc2.} Bb4 $1 {[%csl LRa5,LRd2] A strong pair of Bishops.} 25. Rdd1 {Threatens to win with Rc1.} Bxe1 26. Rxe1 Rc7 27. g5 Nd7 28. Nxd7 Bxd7 $11 {[%mdl 4096] Endgame KRB-KRB} 29. Be4 Rc5 30. f4 h6 31. gxh6 ({But not} 31. Bxb7 hxg5 32. fxg5 Rxg5+ 33. Bg2 Rxa5 $17) 31... gxh6 32. Bxb7 Rxa5 33. Be4 Ra2 34. Re3 a5 35. Bd3 a4 36. bxa4 Rxa4 37. f5 Kf6 38. fxe6 Bxe6 {Weighted Error Value: White=0.05 (flawless) /Black=0.04 (flawless)} 1/2-1/2

[Event "15th Paleochora Open 2022"]
[Site "Paleochora"]
[Date "2022.07.20"]
[Round "5.8"]
[White "Grigorov, Grigor"]
[Black "Vojtek, Vladimir"]
[Result "1-0"]
[ECO "D06"]
[WhiteElo "2511"]
[BlackElo "2314"]
[Annotator "TA"]
[PlyCount "82"]
[EventDate "2022.07.17"]
[EventType "swiss"]
[EventCountry "GRE"]
[SourceTitle "playchess.com"]
[Source "ChessBase"]
[SourceQuality "1"]
[TimeControl "40/5400+30:900+30"]

1. d4 d5 2. Nf3 Bf5 3. c4 e6 4. Nc3 Nc6 5. Bf4 Nf6 6. e3 Be7 7. Rc1 {D06: Queen's Gambit: Symmetrical and Baltic Defences.} O-O 8. a3 Nh5 9. Be5 {White is slightly better.} Nf6 10. Bg3 Ne4 11. cxd5 exd5 {[#]} 12. Bb5 $146 ({Predecessor:} 12. Qb3 Na5 13. Qxd5 Qxd5 14. Nxd5 Nc6 15. Rxc6 g6 16. Nxe7+ Kh8 17. Rxc7 b6 18. Nxf5 Nxg3 19. Nxg3 a5 20. h4 Rad8 21. h5 Rd6 22. hxg6 fxg6 23. Rhxh7+ Kg8 24. Rcg7# {1-0 (23) Gheury,J-Remy,C Huy 1991}) 12... Nxg3 13. hxg3 Nb8 {White leaves nothing to chance now.} (13... Qd6 $14) 14. Bd3 $16 Bxd3 15. Qxd3 {[%csl Gh1][%cal Rd3h7] [#]} h6 16. Qb5 {[%csl LRb7,LRd5] White is much more active.} b6 (16... Nd7 $16) 17. Qxd5 $18 Nd7 18. Qc6 Nf6 19. O-O a6 20. e4 Rc8 21. e5 Qd7 22. Qxd7 Nxd7 23. Nd5 Bd8 24. Rc6 Re8 25. Rfc1 Re6 26. Rxe6 fxe6 27. Nf4 Kf7 28. d5 Nf8 29. Rc6 exd5 30. e6+ Ke8 31. Nxd5 Ng6 32. Nd4 {[#] Black must now prevent Nxb6.} Ne7 33. Nxe7 Bxe7 {[%mdl 4096] Endgame KRB-KRN} 34. Nf5 Kf8 35. Kh2 Bf6 (35... g6 {might work better.}) 36. b3 h5 37. a4 g6 38. Ne3 Bd4 39. Nd5 Bxf2 $2 (39... Ke8 40. f3 Rd8) 40. e7+ Kg7 41. Nxc7 h4 {Weighted Error Value: White=0.09 (flawless) /Black=0.26 (precise)} 1-0

[Event "15th Paleochora Open 2022"]
[Site "Paleochora"]
[Date "2022.07.20"]
[Round "5.9"]
[White "Godzwon, Iwo"]
[Black "Zwardon, Vojtech"]
[Result "1-0"]
[ECO "B36"]
[WhiteElo "2336"]
[BlackElo "2503"]
[Annotator "TA"]
[PlyCount "87"]
[EventDate "2022.07.17"]
[EventType "swiss"]
[EventCountry "GRE"]
[SourceTitle "playchess.com"]
[Source "ChessBase"]
[SourceQuality "1"]
[TimeControl "40/5400+30:900+30"]

1. e4 c5 2. Nf3 Nc6 3. d4 cxd4 4. Nxd4 g6 5. c4 Nf6 6. Nc3 d6 7. Be2 Nxd4 8. Qxd4 Bg7 9. Be3 O-O 10. Qd2 Qa5 11. O-O Be6 12. Rfc1 Rfc8 {B36: Sicilian: Maroczy Bind: Gurgenidze System.} 13. b3 Nd7 14. Rab1 f5 {White is slightly better.} 15. b4 Qd8 16. exf5 Bxf5 {[#]} 17. Rb3 $146 ({Predecessor:} 17. Bd3 Qf8 18. f4 Bxd3 19. Qxd3 Qf5 20. Ne4 Nf6 21. Nxf6+ Bxf6 22. Qd5+ Qxd5 23. cxd5 {½-½ (32) Vehi Bach,V (2405)-Sanglas Clariana,J (2207) Barbera del Valles 2010}) 17... Kh8 18. Nd5 Nb6 19. Nxb6 axb6 20. Bf3 Ra7 (20... Qc7 $142) 21. a4 $16 {[%cal Oa4a5] Black must now prevent a5!} Rxa4 22. Bxb7 Rb8 23. Bc6 Ra7 24. Bd4 Qf8 25. h3 {White is more active.} Bxd4 26. Qxd4+ Qg7 {[#]} 27. Qe3 Rc7 28. Bd5 Qf6 {[#]} (28... e6 $16 {was worth a try.}) 29. Ra3 $1 $18 Kg7 30. Qd2 (30. g4 $142 Bd7 31. Qd2) 30... b5 $2 {[%mdl 8192] This costs Black the game.} (30... e6 $16) 31. g4 e6 32. Bg2 ({Less strong is} 32. gxf5 exd5 33. cxb5 (33. cxd5 Rxc1+ 34. Qxc1 Rf8 $11) 33... Re7 $16) 32... Rxc4 33. Ra7+ Kg8 34. gxf5 {White threatens Rxc4 and mate.} Rd4 35. Qh6 Rh4 36. Qe3 gxf5 37. Qg3+ Kh8 38. Rac7 {Rc8+ would kill now.} Rc4 39. R7xc4 bxc4 40. Qxd6 Rc8 41. b5 c3 42. b6 {White mates.} Rg8 43. b7 Qg7 44. Qg3 {Weighted Error Value: White=0.11 (very precise) /Black=0.72} 1-0